 Dungeon Crawl Stone Soup version 0.24.0-125-gc4c63601f3 (webtiles) character file.

Game seed: 1666738028762184125, levelgen mode: deterministic

4186 Heliosone the Nimble (level 10, -2/96 HPs)
             Began as a Merfolk Transmuter on Mar 3, 2020.
             Was a Believer of Makhleb.
             Slain by a killer bee (3 damage)
             ... on level 9 of the Dungeon.
             The game lasted 00:32:27 (13722 turns).

Heliosone the Nimble (Merfolk Transmuter)          Turns: 13722, Time: 00:32:29

Health: -2/96      AC:  6    Str: 11    XL:     10   Next: 29%
Magic:  11/13      EV: 22    Int: 15    God:    Makhleb [**....]
Gold:   460        SH:  0    Dex: 20    Spells: 3/13 levels left

rFire    x . .     SeeInvis .     - Unarmed
rCold    + + +     Gourm    .   (shield currently unavailable)
rNeg     . . .     Faith    .   (armour currently unavailable)
rPois    +         Spirit   .   (helmet currently unavailable)
rElec    .         Reflect  .   (cloak currently unavailable)
rCorr    .         Harm     .   (gloves currently unavailable)
MR       .....                  (boots currently unavailable)
Stlth    ++++......             (no amulet)
HPRegen  0.26/turn              t - ring of poison resistance
MPRegen  0.13/turn              J - ring of stealth

@: agile, ice-form
A: large, (change form in water), (swift swim), (stealthy swim)
a: End Transformation, Minor Destruction, Renounce Religion


You were on level 9 of the Dungeon.
You worshipped Makhleb.
Makhleb was pleased with you.
You were not hungry.
You were a creature of crystalline ice.
You visited 2 branches of the dungeon, and saw 10 of its levels.

You collected 460 gold pieces.

Inventory:

Hand Weapons
 L - the +9 hunting sling "Ostretuk" (melded) {velocity, Str+4}
   (You found it on level 7 of the Dungeon)

   Any stone fired from it inflicts extra damage.
   It affects your strength (+4).
Missiles
 a - 146 arrows
 i - 69 poisoned darts (quivered)
 C - 6 javelins
 D - 7 curare-tipped darts
 M - 97 stones
Armour
 b - a +0 robe
 c - a +0 helmet
 g - a +0 helmet (melded)
 w - a +0 cloak (melded)
 x - the +5 ring mail of Paranoia (melded) {+Blink rN+ Str+6}
   (You found it on level 5 of the Dungeon)

   It affects your strength (+6).
   It protects you from negative energy.
   It lets you blink.
 O - a +0 pair of gloves (melded)
Jewellery
 t - a ring of poison resistance (left front paw)
 H - a cursed amulet of the gourmand {unknown}
 J - a ring of stealth (right front paw)
Wands
 s - a wand of polymorph (24)
 A - a wand of flame (21)
 B - a wand of disintegration (14)
 G - a wand of random effects (18)
Scrolls
 e - 2 scrolls of fear {unknown}
 h - 9 scrolls of identify {unknown}
 n - 7 scrolls of teleportation {unknown}
 o - 2 scrolls of amnesia {unknown}
 p - a scroll of immolation {unknown}
 r - 4 scrolls of remove curse {unknown}
 y - a scroll of magic mapping {unknown}
 I - 2 scrolls of random uselessness {unknown}
 K - a scroll of silence {unknown}
Potions
 f - a potion of agility
 j - a potion of lignification
 k - 2 potions of ambrosia {unknown}
 l - 6 potions of heal wounds {unknown}
 m - 4 potions of brilliance {unknown}
 q - a potion of degeneration {unknown}
 u - 2 potions of flight
 v - 2 potions of mutation {unknown}
 z - a potion of berserk rage {unknown}
 E - a potion of might {unknown}
 N - a potion of invisibility {unknown}
Comestibles
 d - 11 rations


   Skills:
 - Level 8.1 Fighting
 + Level 1.5 Slings
 - Level 9.3 Dodging
 - Level 8.7 Unarmed Combat
 - Level 2.0 Spellcasting
 - Level 6.3 Transmutations
 - Level 6.1 Ice Magic
 - Level 1.0 Poison Magic


You had 3 spell levels left.
You knew the following spells:

 Your Spells              Type           Power        Failure   Level  Hunger
a - Beastly Appendage     Tmut           ###...       1%          1    #......
b - Spider Form           Tmut/Pois      ##........   14%         3    ###....
c - Sticks to Snakes      Tmut           ###.....     2%          2    ###....
d - Ice Form              Ice/Tmut       ###.....     17%         4    #####..

Your spell library contained the following spells:

 Spells                   Type           Power        Failure   Level  Hunger
 Summon Butterflies       Summ           #.......     22%         1    #......
 Blade Hands              Tmut           ###.......   41%         5    ######.


Dungeon Overview and Level Annotations

Branches:
Dungeon (9/15)             Temple (1/1) D:6
   Lair: D:8-11         Orc: D:9-12

Altars:
Ashenzari
Cheibriados
Dithmenos
Fedhas
Gozag
Hepliaklqana
Kikubaaqudgha
Makhleb
Nemelex Xobeh
Okawaru
Qazlal
Ru
Sif Muna
Trog
Uskayaw
Vehumet
Wu Jian
Xom
Yredelemnul
Zin
The Shining One


Message History

You barely miss the killer bee.
The killer bee is almost dead.
The killer bee stings you.
* * * LOW HITPOINT WARNING * * *
The killer bee closely misses you. The killer bee stings you.
* * * LOW HITPOINT WARNING * * *
You are lethally poisoned!
The killer bee poisons you! The killer bee completely misses you.
You feel agile all of a sudden.
* * * LOW HITPOINT WARNING * * *
You feel sick. The killer bee misses you. x2
The killer bee completely misses you. x2; The killer bee misses you.
The killer bee barely misses you.
You feel better. The killer bee stings you!
* * * LOW HITPOINT WARNING * * *
The killer bee stings you but does no damage.
The killer bee misses you. The killer bee stings you.
* * * LOW HITPOINT WARNING * * *
The killer bee stings you.
You die...

#.## #.. #..
... #.##
#..###.##
#.......#
###)##
#Yy..##
#.....yy#..<#
##..#..###..#
# ##. ##...
#. #...(. #.
...##.. ##
.### . #


You could see 3 killer bees.

Vanquished Creatures
  2 hippogriffs (D:8)
  A human (D:7)
  A yak (D:7)
  3 hogs (D:7)
  Duvessa (D:7)
  An orc warrior (D:8)
  3 ice beasts (D:5)
  6 ogres
  2 centaurs
  5 bullfrogs
  A gnoll sergeant (D:5)
  Dowan (D:7)
  6 killer bees
  A scorpion (D:3)
  A howler monkey (D:6)
  An electric eel (D:6)
  3 crimson imps
  6 hounds
  4 orc priests
  Crazy Yiuf (D:4)
  A bullfrog skeleton (D:5)
  4 worker ants
  2 iguanas
  9 orc wizards
  Natasha (thrice) (D:3)
  Terence (D:3)
  A howler monkey skeleton (D:7)
  2 gnolls (D:5)
  6 adders
  A shadow imp (D:8)
  An adder skeleton (D:8)
  9 worms
  A dart slug (D:1)
  5 leopard geckos
  24 orcs
  5 bats
  4 giant cockroaches
  6 goblins
  A hobgoblin (D:2)
  4 jackals (D:2)
  4 kobolds
  2 quokkas
  2 ball pythons
  3 frilled lizards
  A leopard gecko zombie (D:8)
  A quokka zombie (D:6)
  9 rats
162 creatures vanquished.

Vanquished Creatures (collateral kills)
  An orc priest (D:3)
  An orc wizard (D:3)
  A gnoll (D:5)
  3 orcs (D:3)
  A quokka (D:7)
7 creatures vanquished.

Grand Total: 169 creatures vanquished

Notes
Turn   | Place    | Note
-------+----------+-------------------------------------------
     0 | D:1      | Heliosone the Merfolk Transmuter began the quest for the
                  | Orb.
     0 | D:1      | Reached XP level 1. HP: 15/15 MP: 3/3
   858 | D:1      | Reached XP level 2. HP: 15/21 MP: 0/5
  1623 | D:2      | Reached XP level 3. HP: 21/26 MP: 6/6
  1803 | D:2      | Learned a level 3 spell: Spider Form
  1819 | D:2      | Reached skill level 1 in Poison Magic
  2508 | D:2      | Learned a level 2 spell: Sticks to Snakes
  2589 | D:2      | Found a faded altar of an unknown god.
  3425 | D:2      | Reached XP level 4. HP: 33/33 MP: 7/7
  3594 | D:3      | Noticed Terence
  3612 | D:3      | Killed Terence
  3791 | D:3      | Reached XP level 5. HP: 41/41 MP: 3/8
  3860 | D:3      | Found a blossoming altar of Fedhas.
  4330 | D:3      | Reached skill level 3 in Dodging
  4760 | D:3      | Noticed Natasha
  4769 | D:3      | Killed Natasha
  4769 | D:3      | Reached XP level 6. HP: 46/47 MP: 3/9
  4985 | D:3      | Noticed Natasha
  4991 | D:3      | Killed Natasha
  5063 | D:3      | Noticed Natasha
  5086 | D:3      | Killed Natasha
  5205 | D:4      | Found a blossoming altar of Fedhas.
  5223 | D:4      | Reached skill level 4 in Dodging
  5223 | D:4      | Reached skill level 5 in Unarmed Combat
  5664 | D:4      | Reached XP level 7. HP: 36/55 MP: 1/10
  6044 | D:4      | Found a runed translucent door.
  6045 | D:4      | Noticed Crazy Yiuf
  6095 | D:4      | Found a hazy altar of Hepliaklqana.
  6139 | D:4      | Reached skill level 5 in Dodging
  6542 | D:4      | Found a sacrificial altar of Ru.
  6700 | D:4      | Killed Crazy Yiuf
  6792 | D:5      | Entered Level 5 of the Dungeon
  6813 | D:5      | Found an ornate altar of the Wu Jian Council.
  6988 | D:5      | Found a glowing silver altar of Zin.
  7117 | D:5      | Reached skill level 5 in Fighting
  7139 | D:5      | Got a crude ring mail
  7150 | D:5      | Identified the +5 ring mail of Paranoia {+Blink rN+ Str+6}
                  | (You found it on level 5 of the Dungeon)
  7228 | D:5      | Reached skill level 6 in Dodging
  7228 | D:5      | Reached XP level 8. HP: 63/63 MP: 7/11
  7831 | D:5      | Found a stormy altar of Qazlal.
  7993 | D:5      | Found a basalt altar of Yredelemnul.
  8045 | D:5      | Reached skill level 7 in Dodging
  9394 | D:6      | Found a staircase to the Ecumenical Temple.
  9409 | Temple   | Entered the Ecumenical Temple
  9482 | Temple   | Became a worshipper of Makhleb the Destroyer
  9937 | D:6      | Reached XP level 9. HP: 61/71 MP: 8/12
 10028 | D:6      | Found a radiant altar of Vehumet.
 10056 | D:6      | Found an ancient bone altar of Kikubaaqudgha.
 10060 | D:6      | Reached skill level 8 in Dodging
 10075 | D:6      | Found a shimmering blue altar of Sif Muna.
 10095 | D:6      | Identified Sif Muna's Almanac of Creation
 10589 | D:7      | Noticed Duvessa
 10589 | D:7      | Noticed Dowan
 10599 | D:7      | Killed Dowan
 10617 | D:7      | Killed Duvessa
 10927 | D:7      | Reached * piety under Makhleb
 10996 | D:7      | Reached skill level 9 in Dodging
 11004 | D:7      | Reached skill level 5 in Transmutations
 11205 | D:7      | Learned a level 4 spell: Ice Form
 11227 | D:7      | Reached skill level 1 in Ice Magic
 11250 | D:7      | Got a bone hunting sling
 11273 | D:7      | Found a snail-covered altar of Cheibriados.
 11508 | D:8      | Noticed a moth of wrath
 11511 | D:8      | Found a bloodstained altar of Trog.
 11822 | D:8      | Identified the +9 hunting sling "Ostretuk" {velocity,
                  | Str+4} (You found it on level 7 of the Dungeon)
 12225 | D:5      | Reached XP level 10. HP: 70/80 MP: 6/13
 12606 | D:8      | Reached skill level 5 in Ice Magic
 13711 | D:9      | Reached ** piety under Makhleb
 13711 | D:9      | Reached skill level 1 in Slings
 13722 | D:9      | HP: 1/96 [killer bee (5)]
 13722 | D:9      | Slain by a killer bee

Levels and vault maps discovered:
D:1:      matt_arrival_diagonals, layout_basic
D:2:      layout_loops_cross, chequers_ecumenical_altar_twisty
D:3:      layout_loops_ring, lemuel_crystal_altar, first_ration,
          chequers_serial_rivers_marsh, uniq_terence, uniq_natasha
D:4:      layout_rooms, nicolae_ru_the_path_less_chosen, kennysheep_mini,
          fedhas_bush_and_centaur_altar, uniq_crazy_yiuf_cottage
D:5:      layout_gridville, old_standard_altar, grunt_qazlal_clouds,
          nicolae_overflow_crystal_walls, kennysheep_little_box
D:6:      layout_basic, palyth_temple_overflow_mages, minmay_temple_entry_trees,
          kennysheep_generic_room_4
D:7:      layout_cave_pods, marbit_many_paths, enter_bailey_2, grunt_livestock,
          nicolae_underground_beach, uniq_duvessa
D:8:      layout_basic, tgw_trog, roderic_serpentine_path
D:9:      okawaru_arena_lexackson, layout_layer_cave, elyvilon_altar_5,
          erik_lair_island, lemuel_old_faithful
Temple:   compressed_dpeg_triangle_lava_temple

Skill      XL: |  1  2  3  4  5  6  7  8  9 10 |
---------------+-------------------------------+-----
Transmutations | 3 4 6 |  6.3
Poison Magic   | 1 |  1.0
Fighting       | 3 4 5 6 8 |  8.1
Unarmed Combat | 4 5 6 7 8 |  8.7
Dodging        | 3 4 6 7 9 |  9.3
Ice Magic      | 3 6 |  6.1
Slings         | 1 |  1.5
Spellcasting   | |  2.0

Action                   |  1- 3 |  4- 6 |  7- 9 | 10-12 || total
-------------------------+-------+-------+-------+-------++-------
Melee: Unarmed           |   123 |    89 |   320 |    44 ||   576
       Headbutt          |    18 |       |       |       ||    18
       Punch             |       |       |     5 |       ||     5
 Fire: Hunting sling     |       |       |     5 |    41 ||    46
Throw: Dart              |       |     4 |     8 |       ||    12
 Cast: Beastly Appendage |    22 |       |       |       ||    22
       Spider Form       |     1 |    17 |    37 |     4 ||    59
       Sticks to Snakes  |       |     6 |    15 |       ||    21
       Ice Form          |       |       |       |     2 ||     2
 Abil: End Transformatio |     1 |       |       |       ||     1
  Use: Potion            |     3 |       |       |     2 ||     5
 Stab: Distracted        |       |       |     1 |       ||     1
       Sleeping          |       |       |     2 |       ||     2
  Eat: Chunk             |     8 |     7 |    20 |     6 ||    41
       Ration            |       |     1 |     2 |       ||     3
Armor: Robe              |    17 |     6 |    10 |     2 ||    35
       Skin              |       |     1 |     4 |     8 ||    13
Dodge: Dodged            |    74 |    64 |   260 |    91 ||   489
